 Dungeon Crawl Stone Soup version 0.28-a0-1613-gdaab1c2f9b (webtiles) character file.

Game seed: 4608099538044140004

86 issech the Skirmisher (level 4, -2/45 HPs)
             Began as a Troll Fighter on Jan 21, 2022.
             Slain by Sigmund (6 damage)
             ... on level 3 of the Dungeon.
             The game lasted 00:06:06 (1447 turns).

issech the Skirmisher (Troll Fighter)               Turns: 1447, Time: 00:06:07

Health: -2/45      AC:  4    Str: 24    XL:     4   Next: 26%
Magic:  3/3        EV:  9    Int:  4    God:
Gold:   128        SH:  0    Dex: 11    Spells: 3/3 levels left

rFire   . . .      SeeInvis .   a - +0 flail
rCold   . . .      Faith    .   c - +0 kite shield
rNeg    . . .      Spirit   .   b - +0 robe
rPois   .          Reflect  .   (helmet restricted)
rElec   .          Harm     .   (no cloak)
rCorr   .          Rampage  .   (gloves unavailable)
Will    .....                   (boots unavailable)
Stlth   +.........              (no amulet)
HPRegen 0.95/turn               (no ring)
MPRegen 0.08/turn               (no ring)

@: confused
A: large, unfitting armour, claws 3, regeneration 1, shaggy fur 1, tough skin 1
a: no special abilities


You were on level 3 of the Dungeon.
You visited 1 branch of the dungeon, and saw 3 of its levels.

You collected 128 gold pieces.

Inventory:

Hand Weapons
 a - a +0 flail (weapon)
 h - a +0 hunting sling
 j - a +0 great sword
 n - a +1 short sword of holy wrath
Missiles
 e - 2 curare-tipped darts
 g - 63 arrows
 i - 96 stones (quivered)
Armour
 b - a +0 robe (worn)
 c - a +0 kite shield (worn)
Wands
 r - a wand of paralysis (9)
Scrolls
 f - 2 scrolls of teleportation {unknown}
 k - a scroll of enchant weapon {unknown}
 l - a scroll of vulnerability {unknown}
 q - a scroll of identify {unknown}
Potions
 d - a potion of might
 m - a potion of attraction {unknown}
 o - a potion of lignification {unknown}
 p - a potion of degeneration {unknown}


   Skills:
 + Level 3.3 Fighting
 + Level 2.5 Maces & Flails
 + Level 2.8 Dodging
 + Level 2.8 Shields


You had 3 spell levels left.
You didn't know any spells.
Your spell library contained the following spells:

 Spells                   Type           Power      Damage    Failure   Level
 Foxfire                  Conj/Fire      0%         2x1d4     80%         1
 Conjure Flame            Conj/Fire      0%         6-21      99%         3
 Inner Flame              Hex/Fire       0%         N/A       99%         3
 Spider Form              Tmut/Pois      0%         N/A       99%         3
 Teleport Other           Tloc           0%         N/A       99%         3
 Flame Wave               Conj/Fire      0%         2d4       100%        4


Dungeon Overview and Level Annotations

Branches:
Dungeon (3/15)

Altars:

Annotations:
D:3 Sigmund


Innate Abilities, Weirdness & Mutations

You are too large for most types of armour.
You have claws for hands.
Your natural rate of healing is unusually fast.
You are covered in fur. (AC +1)
You have tough skin. (AC +1)


Message History

Sigmund hits you with a +0 scythe!
You closely miss Sigmund.
Sigmund is moderately wounded.
You block Sigmund's attack.
You closely miss Sigmund.
Sigmund is moderately wounded.
You block Sigmund's attack.
You sock Sigmund!
Sigmund is almost dead.
Sigmund mumbles some strange words.
Sigmund flickers and vanishes!
Deactivating autopickup; reactivate with Ctrl-A.
Something hits you.
There is an open door here.
A magic dart appears from out of thin air!
The magic dart hits you.
A puff of flame appears from out of thin air!
The puff of flame hits you!
A goblin comes into view. It is wielding a +0 club.
You block the goblin's attack.
You closely miss the goblin. The goblin barely misses you.
You block the goblin's attack.
You hit the goblin but do no damage.
You hear some strange, mumbled words.
You are confused.
The goblin hits you with a +0 club. Something hits you!
You closely miss the goblin. The goblin hits you with a +0 club.
Something hits you!
You're too confused to move!
The goblin hits you with a +0 club.
You bump into the rock wall.
The goblin hits you but does no damage. Something hits you!
* * * LOW HITPOINT WARNING * * *
You bump into the rock wall.
The goblin hits you but does no damage.
You hear some strange, mumbled words.
You are more confused.
You bump into the rock wall.
The goblin barely misses you. Something hits you.
* * * LOW HITPOINT WARNING * * *
You closely miss the goblin. The goblin hits you but does no damage.
The goblin closely misses you. Something hits you.
You die...

........#.......######.###
........#.##.#...........#
..........#<....######{#.#
.......#..##.#.#.......#.#
########..##.#.#.....#.#.#
#########.##.#.#######.#.#
...........#.#.#.{.....#.#
##########.#.#.#.#######.#
# #...#.#@# #.# #
##..#.#g# #.# # #^.#.#.# #
##>..#.# # #####.# # #.#
#.# #.#


You could see a goblin.

Vanquished Creatures
  Natasha (D:3)
  2 adders (D:2)
  2 dart slugs (D:1)
  2 ball pythons
  5 endoplasms
  3 giant cockroaches
  3 hobgoblins
  3 quokkas (D:2)
  4 bats
  5 frilled lizards
  3 goblins
  A kobold (D:1)
  6 rats
40 creatures vanquished.

Notes
Turn   | Place    | Note
-------+----------+-------------------------------------------
     0 | D:1      | issech the Troll Fighter began the quest for the Orb.
     0 | D:1      | Reached XP level 1. HP: 22/22 MP: 0/0
   115 | D:1      | Reached XP level 2. HP: 29/29 MP: 1/1
   598 | D:2      | Reached XP level 3. HP: 15/36 MP: 2/2
  1046 | D:3      | Got the Incunabulum of the Voyage and Envenoming
  1140 | D:3      | Reached skill level 3 in Fighting
  1235 | D:3      | Noticed Natasha
  1244 | D:3      | Killed Natasha
  1245 | D:3      | Reached XP level 4. HP: 34/45 MP: 3/3
  1278 | D:3      | Found a faded altar of an unknown god.
  1409 | D:3      | Noticed Sigmund
  1446 | D:3      | HP: 2/45 [something (6)]
  1447 | D:3      | Slain by Sigmund

Illustrated notes

Levels and vault maps discovered:
D:1:      lightli_arrival_quake, layout_rooms
D:2:      layout_rooms, corexii_item_surrounded_by_moat
D:3:      layout_basic, ebering_ecumenical_altar_mist,
          nicolae_concentric_dashed_squares_wild, uniq_sigmund, uniq_natasha

Skill      XL: |  1  2  3 |
---------------+----------+-----
Maces & Flails | 2 |  2.5
Fighting       | 3 |  3.3
Dodging        | |  2.8
Shields        | |  2.8

Action                   |  1- 3 |  4- 6 || total
-------------------------+-------+-------++-------
Melee: Flail             |   154 |    10 ||   164
Throw: Stone             |     2 |     7 ||     9
       Dart              |     2 |       ||     2
Armor: Robe              |    62 |     3 ||    65
Dodge: Dodged            |    63 |     5 ||    68
Block: Kite shield       |    74 |     5 ||    79

Table legend: (Time is in decaauts)
 A = Elapsed time spent in this place.
 B = Non-inter-level travel time spent in this place.
 C = Inter-level travel time spent in this place.
 D = Time resting spent in this place.
 E = Time spent auto-exploring this place.
 F = Levels seen in this place.
 G = Mean time per level.
                   A        B        C        D        E       F      G
               +--------+--------+--------+--------+--------+-----+--------+
         Total |   1518 |   1518 |      0 |      0 |    753 |   3 |  506.0 |
       Dungeon |   1518 |   1518 |      0 |      0 |    753 |   3 |  506.0 |
               +--------+--------+--------+--------+--------+-----+--------+

Top non-repeatable levels by time:
     D:2: 611 daAuts
     D:1: 461 daAuts
     D:3: 444 daAuts
